 Dungeon Crawl Stone Soup version 0.29.0 (webtiles) character file.

Game seed: 17454912436757448998

277 iguanaiguana the Shooter (level 6, -10/29 HPs)
             Began as a Spriggan Transmuter on Aug 25, 2022.
             Was an Initiate of Fedhas.
             Mangled by Menkaure (20 damage)
             ... on level 4 of the Dungeon.
             The game lasted 00:28:21 (5397 turns).

iguanaiguana the Shooter (Spriggan Transmuter)      Turns: 5397, Time: 00:28:22

Health: -10/29     AC:  3    Str:  6    XL:     6   Next: 4%
Magic:  9/11       EV: 17    Int: 14    God:    Fedhas [......]
Gold:   162        SH:  0    Dex: 18    Spells: 7/10 levels left

rFire   . . .      SeeInvis +     - Unarmed
rCold   . . .      Faith    .   (no shield)
rNeg    + . .      Spirit   .   e - +0 robe
rPois   .          Reflect  .   (helmet currently unavailable)
rElec   .          Harm     .   s - +0 cloak
rCorr   .          Rampage  .   (gloves unavailable)
Will    +....                   (boots unavailable)
Stlth   ++........              (no amulet)
HPRegen 0.09/turn               l - ring of wizardry
MPRegen 0.12/turn               o - ring of positive energy

@: appendages (expiring), wereblooded, very quick
A: horns 2, talons 2, very small, no large weapons, unfitting armour, see
invisible, speed 3
a: End Transformation, Renounce Religion


You were on level 4 of the Dungeon.
You worshipped Fedhas.
Fedhas was noncommittal.
You had temporarily grown beastly horns and talons.
You visited 1 branch of the dungeon, and saw 4 of its levels.

You collected 189 gold pieces.
You spent 27 gold pieces at shops.

Inventory:

Hand Weapons
 a - a +0 sling
 c - a +0 dagger
 t - a +4 quarterstaff of chaos
Armour
 e - a +0 robe (worn)
 s - a +0 cloak (worn)
Magical Staves
 m - a staff of conjuration
Jewellery
 l - a ring of wizardry (left hand)
 o - a ring of positive energy (right hand)
Scrolls
 f - a scroll of magic mapping {@r5}
 g - 2 scrolls of amnesia
 n - a scroll of enchant weapon
 p - a scroll of fog
 r - a scroll of teleportation {@r3}
 v - a scroll of vulnerability
Potions
 b - a potion of lignification
 i - a potion of brilliance
 j - 3 potions of curing {unknown}
 k - 2 potions of might {unknown}
 q - a potion of cancellation
 u - a potion of mutation {unknown}


   Skills:
 - Level 0.7 Fighting
 + Level 5.5 Ranged Weapons
 - Level 2.6 Dodging
 - Level 2.0 Stealth
 - Level 2.4 Unarmed Combat
 - Level 2.6 Spellcasting
 - Level 3.4 Transmutations


You had 7 spell levels left.
You knew the following spells:

 Your Spells              Type           Power      Damage    Failure   Level
a - Beastly Appendage     Tmut           22%        N/A       2%          1
b - Wereblood             Tmut           11%        N/A       3%          2

Your spell library contained the following spells:

 Spells                   Type           Power      Damage    Failure   Level
 Spider Form              Tmut/Pois      6%         N/A       13%         3
 Ice Form                 Ice/Tmut       6%         N/A       38%         4


Dungeon Overview and Level Annotations

Branches:
Dungeon (4/15) Zot: 20084
 Temple: D:4-7

Altars:
Fedhas
Yredelemnul
The Shining One

Shops:
D:1 *

Annotations:
D:2 exclusion: downstairs
D:3 Sigmund
D:4 Menkaure, Robin


Innate Abilities, Weirdness & Mutations

You have temporarily grown beastly horns and talons.
You are very small and have problems with some larger weapons.
You are too small for most types of armour.
You have supernaturally acute eyesight. (SInv)
You cover ground extremely quickly. (Speed+++)


Message History

The air fills with toxic fumes!
As you read the scroll of poison, it crumbles to dust.
Your transformation is almost over.
Menkaure calls on the powers of darkness!
Your body is wracked with pain!
* * * LOW HITPOINT WARNING * * *
The ball python convulses!
The goblin convulses!
The giant cockroach convulses!
The ball python grabs you. The ball python constricts you.
* * * LOW HITPOINT WARNING * * *
The goblin hits you with a +0 dagger.
* * * LOW HITPOINT WARNING * * *
Robin shouts!
You hit the goblin.
You feel a bit better.
You kill the goblin!
Fedhas appreciates your contribution to the ecosystem.
The ball python constricts you.
* * * LOW HITPOINT WARNING * * *
The goblin unwields a +0 dagger.
The goblin wields a +0 sling.
The goblin shoots a sling bullet.
You hit the rat.
You feel a bit better.
You kill the rat!
Fedhas appreciates your contribution to the ecosystem.
The ball python bites you.
* * * LOW HITPOINT WARNING * * *
The ball python constricts you.
Robin's bangles clink loudly.
You escape the ball python's grasp. 2 rats come into view.
You see here a +0 dagger.
You hit the ball python.
You feel a bit better.
You kill the ball python!
Fedhas appreciates your contribution to the ecosystem.
Okay, then.
You aren't carrying any items that you can evoke.
You hit Menkaure. You claw Menkaure. You punch Menkaure.
Menkaure is heavily damaged.
Menkaure hits you!!
Ouch! That really hurt!
You die...
Fedhas appreciates your contribution to the ecosystem.

**********
*~~~#~...#
*~∩~+§§☼§#
*~~~#§§§§#
*'###§☼☼§##
*rg§g§gg§§#
*.§§§ggB☼r#
*r☼§§§§§§§##
*.§§g☼§☼@.§#
*##§§§§§.M§#
########§# #§##
#.§# ##)#
#.#### #....##
####..#########


You could see Menkaure (fast), Robin, a giant cockroach, a hobgoblin, 5 goblins
and 3 rats.

Vanquished Creatures
  A phantom (D:4)
  Crazy Yiuf (D:2)
  5 adders (D:2)
  A river rat (D:4)
  2 worms
  5 dart slugs
  6 orcs
  5 bats
  5 endoplasms
  3 giant cockroaches (D:1)
  7 goblins
  5 hobgoblins
  15 jackals
  6 kobolds
  6 quokkas
  8 ball pythons
  4 frilled lizards
  10 rats
95 creatures vanquished.

Vanquished Creatures (others)
  A frilled lizard (D:3)
1 creature vanquished.

Grand Total: 96 creatures vanquished

Notes
Turn   | Place    | Note
-------+----------+-------------------------------------------
     0 | D:1      | iguanaiguana the Spriggan Transmuter began the quest for
                  | the Orb.
     0 | D:1      | Reached XP level 1. HP: 9/9 MP: 5/5
   177 | D:1      | Reached skill level 1 in Stealth
   466 | D:1      | Reached XP level 2. HP: 11/14 MP: 4/6
   771 | D:1      | Found Dopidgh's Assorted Antiques.
   882 | D:1      | Reached skill level 1 in Ranged Weapons
  1157 | D:1      | Learned a level 2 spell: Wereblood
  1238 | D:1      | Reached XP level 3. HP: 17/17 MP: 8/8
  1492 | D:1      | Bought a scroll labelled TIRAEN PUIZOAWOQ for 27 gold
                  | pieces
  1530 | D:2      | Reached skill level 2 in Ranged Weapons
  2286 | D:2      | Identified the +4 ring mail of Summer {rF- rCorr MP-9
                  | Int+7}
  2438 | D:2      | Reached XP level 4. HP: 21/21 MP: 9/9
  2582 | D:2      | Reached skill level 3 in Ranged Weapons
  3356 | D:2      | Found a runed translucent door.
  3357 | D:2      | Noticed Crazy Yiuf
  3412 | D:2      | Killed Crazy Yiuf
  3589 | D:3      | Reached skill level 4 in Ranged Weapons
  3707 | D:2      | Reached XP level 5. HP: 25/25 MP: 8/10
  3997 | D:3      | Found a glowing golden altar of the Shining One.
  4000 | D:3      | Noticed Sigmund
  4283 | D:3      | Identified the +4 helmet of Xom's Benevolence {rC- MP-9
                  | Dex+6}
  4768 | D:3      | Found a basalt altar of Yredelemnul.
  4925 | D:4      | Noticed a black bear
  5125 | D:4      | Found a blossoming altar of Fedhas.
  5134 | D:4      | Became a worshipper of Fedhas Madash
  5211 | D:4      | Noticed a phantom
  5305 | D:4      | Killed a phantom
  5306 | D:4      | Reached skill level 5 in Ranged Weapons
  5333 | D:4      | Noticed Menkaure
  5375 | D:4      | Reached XP level 6. HP: 19/29 MP: 11/11
  5391 | D:4      | Noticed Robin
  5397 | D:4      | Mangled by Menkaure

Illustrated notes

Levels and vault maps discovered:
D:1:      scummos_arrival_hexagon, layout_rooms, serial_shops, shop
D:2:      layout_basic, minmay_heptomino_l4, uniq_crazy_yiuf_cottage
D:3:      layout_rooms, grunt_temple_overflow_holy_war, minmay_diced_spiral,
          uniq_sigmund
D:4:      layout_loops_ring, mainiacjoe_overflow_small_starburst,
          portal_sewer_entry_e, uniq_menkaure, uniq_robin

Skill      XL: |  1  2  3  4  5 |
---------------+----------------+-----
Stealth        | 2 |  2.0
Transmutations | 3 |  3.4
Ranged Weapons | 1 2 4 5 |  5.5
Fighting       | |  0.7
Dodging        | |  2.6
Unarmed Combat | |  2.4
Spellcasting   | |  2.6

Action                   |  1- 3 |  4- 6 || total
-------------------------+-------+-------++-------
Melee: Unarmed           |    30 |    17 ||    47
       Kick              |     8 |     6 ||    14
       Headbutt          |     5 |     4 ||     9
       Punch             |       |     1 ||     1
 Fire: Sling             |   129 |   257 ||   386
 Cast: Beastly Appendage |    14 |     5 ||    19
       Wereblood         |     2 |     1 ||     3
  Use: Scroll            |     1 |    10 ||    11
 Stab: Sleeping          |     1 |       ||     1
Armor: Robe              |     3 |    23 ||    26
Dodge: Dodged            |    44 |    71 ||   115
